woodfighter, lawful female dwarven Priestess ----------------- |..^^....|......| |..--....|....`.| --^|<....|.`..`.| |^---------.--.| |...........||.| |..------...--.-- ---- |..`...>| ---.----.-- |....@j..| |...u----- --...| ----- woodfighter the Adept Experience level: 7 Strength: 13 Dexterity: 13 Constitution: 13 Intelligence: 17 Wisdom: 9 Charisma: 15 Health: 0(54) Energy: 29(29) Def: 9 Gold: 0 Moves: 5621 Dungeon seed: oaQSNv8JgAE9ArKH Game ID: woodfighter_1553708233 Your Inventory: Weapons a - a blessed +1 mace c - a blessed +2 dwarvish spear (weapon in hand) g - a +0 dwarvish spear (in quiver) Armor e - a +0 robe (being worn) n - a +0 small shield (being worn) q - a +0 pair of low boots (being worn) r - a +0 elven mithril-coat (being worn) C - a +0 mummy wrapping Comestibles d - a sprig of wolfsbane k - a tripe ration l - a carrot o - 5 food rations w - a eucalyptus leaf B - a cram ration Z - a lizard corpse Rings j - a ring of fire resistance m - a ring of teleport control u - a ring of slow digestion v - a ring of teleport control V - a ring of warning Wands D - a wand of create monster (0:11) Tools x - a towel y - a skeleton key Spells and supernatural/magical abilities: Name Level Category Fail Memory h - healing 1 healing 18% 72% l - light 1 divination 35% 72% E - detect food 2 divination 84% 72% W - pray for help -- divine ? -- X - turn undead -- divine ? -- Your skills at the end: Miscellaneous Skills shield [Basic] wands [Basic] Weapon Skills pick-axe [Basic] mace [Basic] Spellcasting Skills clerical spells [Basic] Final Attributes: You were devoutly aligned. You had infravision. You are dead. Vanquished creatures: a large mimic 2 small mimics 2 giant beetles 3 lizards a vampire bat a gnome mummy 3 apes a rock mole 2 rock piercers 2 ponies a fog cloud a violet fungus a straw golem a giant ant 2 puppies a floating eye 3 iguanas a centipede 2 jitterbugs a giant bat 2 dwarf zombies 2 acid blobs a large kobold 3 geckos a hobgoblin 3 giant rats 5 cave spiders a yellow mold 2 green molds a red mold 7 garter snakes 7 manes 6 jackals 2 foxes 2 kobolds 5 newts 3 sewer rats 11 grid bugs 3 bats 4 lichens 103 creatures vanquished. Voluntary challenges: You did not cause conflict. You were not invisible. You did not have reflection. You were not displaced. You had been an atheist until turn 4219. You used a wielded weapon 163 times, starting on turn 557. You did not apply a unicorn horn. You did not use plumbed fixtures. You did not drink any magical draughts. You were illiterate. You never genocided any monsters. You never polymorphed an object. You never changed form. You used no wishes. You never split a pudding. You never wrote Elbereth's name. You never violated your personal moral code. Dungeon overview: The Dungeons of Doom: levels 1 to 10 Level 1 a long staircase Level 2 (water) a general store Level 3 a scroll shop Level 4 (box + eye) a potion shop stairs to The Gnomish Mines Level 5 a general store Level 6 (stash) an altar to Mitra Level 7 a general store, some fountains Level 8 many fountains Level 9 a fountain stairs to Sokoban Level 10 a fountain The Gnomish Mines: Level 5 stairs to The Dungeons of Doom Sokoban: levels 7 to 8 Level 7 <- You were here Level 8 a magic chest stairs to The Dungeons of Doom History has recorded: On T:1 you entered the Dungeons of Doom to retrieve the Amulet of Yendor! On T:292 you reached level 2 of The Dungeons of Doom. On T:713 you reached level 3 of The Dungeons of Doom. On T:1152 you advanced to experience level 2. On T:1246 you reached level 4 of The Dungeons of Doom. On T:1673 you advanced to experience level 3. On T:1891 you reached level 5 of The Dungeons of Doom. On T:2129 you advanced to experience level 4. On T:2186 you reached level 1 of The Gnomish Mines. On T:2651 you advanced to experience level 5. On T:2883 you reached level 6 of The Dungeons of Doom. On T:3517 you advanced to experience level 6. On T:3535 you reached level 7 of The Dungeons of Doom. On T:3732 you reached level 8 of The Dungeons of Doom. On T:4190 you reached level 9 of The Dungeons of Doom. On T:4219 you prayed to Mitra. On T:4603 you reached level 10 of The Dungeons of Doom. On T:4766 you reached level 4 of Sokoban. On T:4799 you advanced to experience level 7. On T:4954 you opened a magic chest. On T:5343 you reached level 3 of Sokoban. Score breakdown: Gold: 0 ( 0 points) Experience: 7 levels ( 600 points) Exploration: 10 levels ( 270 points) Discoveries: 13 items ( 650 points) Variety of kills: 40 monsters ( 2000 points) Major goal: (nothing yet) ( 0 points) Survival: died (score multiplied by 3) Total score: 10560 Latest messages: You stop. Your pony is in the way! With great effort you move the boulder. The boulder falls into and plugs a hole in the floor! With great effort you move the boulder. The boulder falls into and plugs a hole in the floor! You displace your pony. With great effort you move the boulder. D - a uranium wand. You displace your pony. With great effort you move the boulder. The boulder falls into and plugs a hole in the floor! With great effort you move the boulder. You displace your pony. With great effort you move the boulder. The boulder falls into and plugs a hole in the floor! You displace your pony. With great effort you move the boulder. You displace your pony. With great effort you move the boulder. The boulder falls into and plugs a hole in the floor! With great effort you move the boulder. You jab the spotted jelly. You jab the spotted jelly! You are splashed by the spotted jelly's acid! You jab the spotted jelly. You are splashed by the spotted jelly's acid! You die... Final status: Goodbye woodfighter the Priestess, killed by a spotted jelly... You died in Sokoban on dungeon level 7 with 10560 points, and 0 pieces of gold, after 5621 moves. You were level 7 with a maximum of 54 hit points when you died.